 Dungeon Crawl Stone Soup version 0.28.0-45-g0d030f2227 (webtiles) character file.

Game seed: 7380367421650287046

58 GreyArmor the Grave Robber (level 4, -20/30 HPs)
             Began as a Human Necromancer on Apr 14, 2022.
             Demolished by a polar bear (28 damage)
             ... created by the rage of Trog
             ... on level 2 of the Dungeon on Apr 18, 2022.
             The game lasted 00:10:31 (3311 turns).

GreyArmor the Grave Robber (Human Necromancer)      Turns: 3311, Time: 00:10:31

Health: -20/30     AC:  2    Str:  8 (9)  XL:     4   Next: 20%
Magic:  7/7        EV: 12    Int: 17      God:
Gold:   58         SH:  0    Dex: 13      Spells: 5/7 levels left

rFire   . . .      SeeInvis .   (no weapon)
rCold   . . .      Faith    .   (no shield)
rNeg    . . .      Spirit   .   a - +0 robe
rPois   .          Reflect  .   (no helmet)
rElec   .          Harm     .   (no cloak)
rCorr   .          Rampage  .   (no gloves)
Will    .....                   (no boots)
Stlth   ++........              (no amulet)
HPRegen 0.10/turn               (no ring)
MPRegen 0.10/turn               (no ring)

@: no status effects
A: no striking features
a: no special abilities


You were on level 2 of the Dungeon.
You visited 1 branch of the dungeon, and saw 2 of its levels.

You collected 58 gold pieces.

Inventory:

Missiles
 f - 6 boomerangs
Armour
 a - a +0 robe (worn)
 b - a +0 pair of gloves
Scrolls
 d - a scroll of enchant armour {unknown}
 e - a scroll of vulnerability {unknown}
 g - a scroll of immolation {unknown}


   Skills:
 - Level 2.5 Dodging
 - Level 2.5 Stealth
 - Level 0.6 Unarmed Combat
 - Level 2.0 Spellcasting
 + Level 4.8 Necromancy


You had 5 spell levels left.
You knew the following spells:

 Your Spells              Type           Power      Damage    Failure   Level
a - Pain                  Necr           72%        1d7       2%          1
b - Animate Skeleton      Necr           36%        N/A       2%          1

Your spell library contained the following spells:

 Spells                   Type           Power      Damage    Failure   Level
 Vampiric Draining        Necr           18%        2d7       8%          3
 Animate Dead             Necr           9%         N/A       26%         4
 Agony                    Necr           18%        N/A       58%         5


Dungeon Overview and Level Annotations

Branches:
Dungeon (2/15)

Altars:
Trog


Message History

Aim: an adder (heavily wounded, chance to affect: 81%)
The adder writhes in agony.
You kill the adder!
You have reached level 4!
You feel stronger.
You see here an adder corpse.
A kobold comes into view. It is wielding a +0 club.
Casting: Pain (safe; 2% risk of failure)
Confirm with . or Enter, or press ? or * to list all spells.
Aiming: Pain (safe; 2% risk of failure)
Press: ? - help, Shift-Dir - straight line, f - kobold
Aim: a kobold, wielding a +0 club (asleep, chance to affect: 88%)
The kobold shouts!
The kobold writhes in agony!
You kill the kobold!
Things that are here:
a +0 club; a kobold corpse You start resting.
HP restored.
You start resting.
Magic restored.
Trog sends monsters to punish you. 3 polar bears and 2 black bears come into view.
You closely miss the black bear. You hit the black bear.
The black bear is lightly wounded.
The black bear barely misses you. The black bear closely misses you.
The black bear claws you.
You closely miss the black bear.
The black bear is lightly wounded.
The black bear closely misses you. The black bear claws you.
The black bear closely misses you. The polar bear bites you!
The polar bear claws you!
* * * LOW HITPOINT WARNING * * *
The polar bear claws you but does no damage.
As you read the scroll labelled ITIDEH YNOCOHU, it crumbles to dust.
The scroll dissolves into smoke.
It was a scroll of fog.
The polar bear bites you!!
Ouch! That really hurt!
You die...

# ##.##
#.#### #.#
#.# #.# #.#
####)## #.#
#.....# #.#
#.##.## #.#
# #.####
#.#
....#####h#
#.####
#....hh@hh#
#.....
#.#.#######
###### #


You could see 3 polar bears and 2 black bears.

Vanquished Creatures
  2 adders (D:2)
  A worm (D:2)
  A dart slug (D:1)
  2 bats (D:1)
  6 endoplasms
  A giant cockroach (D:1)
  4 goblins
  2 hobgoblins (D:1)
  3 jackals (D:2)
  2 kobolds
  A quokka (D:1)
  2 ball pythons (D:1)
  A frilled lizard (D:1)
  A rat (D:1)
29 creatures vanquished.

Vanquished Creatures (collateral kills)
  An endoplasm (D:1)
1 creature vanquished.

Grand Total: 30 creatures vanquished

Notes
Turn   | Place    | Note
-------+----------+-------------------------------------------
     0 | D:1      | GreyArmor the Human Necromancer began the quest for the
                  | Orb.
     0 | D:1      | Reached XP level 1. HP: 13/13 MP: 3/3
   448 | D:1      | Reached XP level 2. HP: 17/19 MP: 1/5
   495 | D:1      | Found a faded altar of an unknown god.
   508 | D:1      | Prayed at the altar of an unknown god.
   508 | D:1      | Became a worshipper of Trog the Wrathful
   508 | D:1      | Reached * piety under Trog
   513 | D:1      | Fell from the grace of Trog
   610 | D:1      | Learned a level 1 spell: Animate Skeleton
  1582 | D:1      | Reached XP level 3. HP: 23/24 MP: 4/6
  3252 | D:2      | Reached XP level 4. HP: 27/30 MP: 3/7
  3308 | D:2      | Noticed a polar bear
  3308 | D:2      | Noticed a polar bear
  3308 | D:2      | Noticed a polar bear
  3308 | D:2      | Noticed a black bear
  3308 | D:2      | Noticed a black bear
  3311 | D:2      | Demolished by a polar bear

Illustrated notes

Levels and vault maps discovered:
D:1:      saegor_arrival_simple_e, layout_loops_ring,
          hellmonk_ecumenical_altar_heavens_door, minmay_crystal_room
D:2:      layout_loops_corners, serial_shops, shop

Action                   |  1- 3 |  4- 6 || total
-------------------------+-------+-------++-------
Melee: Unarmed           |     7 |     3 ||    10
 Cast: Pain              |    65 |     1 ||    66
       Animate Skeleton  |     3 |       ||     3
Invok: Renounce Religion |     1 |       ||     1
  Use: Scroll            |       |     1 ||     1
Armor: Robe              |     5 |     1 ||     6
Dodge: Dodged            |    13 |     4 ||    17
